 Dungeon Crawl Stone Soup version 0.19.1 (webtiles) character file.

72 KambridgeKobold the Skirmisher (level 4, -5/37 HPs)
             Began as a Demonspawn Berserker on Dec 8, 2016.
             Was a Believer of Trog.
             Slain by a gnoll
             ... wielding a +0 whip
              (6 damage)
             ... on level 3 of the Dungeon.
             The game lasted 00:08:13 (3065 turns).

KambridgeKobold the Skirmisher (DsBe)               Turns: 3065, Time: 00:08:14

Health: -5/37      AC:  3    Str: 17    XL:     4   Next: 7%
Magic:  4/4        EV: 12    Int:  9    God:    Trog [**....]
Gold:   171        SH:  0    Dex: 13    Spells: 0 memorised, 3 levels left

rFire  . . .     SeeInvis .     m - +0 mace
rCold  . . .     Gourm    .     b - +0 animal skin
rNeg   . . .     Faith    .     (no shield)
rPois  .         Spirit   .     (no helmet)
rElec  .         Reflect  .     (no cloak)
rCorr  .         Harm     .     (no gloves)
MR     .....                    (no boots)
Stlth  ++........               (no amulet)
                                (no ring)
                                (no ring)

@: no status effects
A: rugged brown scales 1, nightstalker 1
a: Berserk, Trog's Hand, Burn Spellbooks, Renounce Religion


You were on level 3 of the Dungeon.
You worshipped Trog.
Trog was pleased with you.
You were not hungry.

You visited 1 branch of the dungeon, and saw 3 of its levels.

You collected 171 gold pieces.

Inventory:

Hand Weapons
 a - a +0 hand axe
 m - a +0 mace (weapon)
Missiles
 l - 3 tomahawks (quivered)
Armour
 b - a +0 animal skin (worn)
Jewellery
 y - an uncursed ring of wizardry {unknown}
Scrolls
 e - 2 scrolls of teleportation {unknown}
 h - 3 scrolls of identify {unknown}
 i - a scroll of fog {unknown}
 j - a scroll of amnesia {unknown}
 k - a scroll of blinking {unknown}
 n - a scroll of recharging {unknown}
 p - a scroll of enchant armour {unknown}
 q - 4 scrolls of noise {unknown}
 t - a scroll of immolation {unknown}
 x - a scroll of magic mapping {unknown}
Potions
 d - a potion of might {unknown}
 f - 2 potions of ambrosia {unknown}
 g - a potion of invisibility {unknown}
 o - 3 potions of lignification {unknown}
 v - a potion of mutation {unknown}
 w - a potion of resistance {unknown}
 A - a potion of berserk rage {unknown}
Books
 r - a book of Cantrips

   Spells                             Type                      Level
   a - Confusing Touch                Hexes                        1
   b - Animate Skeleton               Necromancy                   1
   c - Summon Small Mammal            Summoning                    1
   d - Apportation                    Translocation                1
   Trog disapproves of the use of such an item.
Comestibles
 c - 6 bread rations
 s - 6 fruits
 u - a meat ration
 z - 2 chunks of flesh


   Skills:
 + Level 3.6 Fighting
 + Level 3.3 Axes
 + Level 2.9 Armour
 - Level 1.7 Dodging


You had 3 spell levels left.
You didn't know any spells.

Dungeon Overview and Level Annotations

Branches:
Dungeon (3/15)

Altars:
Makhleb
Nemelex Xobeh
Okawaru


Innate Abilities, Weirdness & Mutations

You are partially covered in rugged brown scales. (AC +1, +3% HP)
You are slightly more attuned to the shadows.


Message History

You start eating one of the 4 chunks of flesh.
This raw flesh tastes terrible.
You are feeling hungry.
Eating one of 3 chunks of flesh.
You start eating one of the 3 chunks of flesh.
This raw flesh tastes terrible.
A - a fuming cyan potion
o - 3 glowing dark potions (gained 1)
A gnoll comes into view. It is wielding a halberd.
The gnoll shouts! 2 gnolls come into view.
You closely miss the gnoll.
The gnoll shouts!
The gnoll closely misses you. The gnoll hits you with a whip.
The gnoll hits you with a whip! The gnoll misses you.
You barely miss the gnoll. The gnoll hits you with a whip!
The gnoll hits you from afar with a halberd!
* * * LOW HITPOINT WARNING * * *
You barely miss the gnoll. The gnoll hits you with a whip.
You die... ....... ##.#### #.# # ###.# # #. ...# # ###.# #..## # ...# .gg

# #..# #g# #≈ #..#
#@# #≈
#########..#####.# .≈
#................#
##≈
....#####...........#
###.#####.#########.#
# #.......# #
###.####### ....#
#.###


You could see 3 gnolls.

Vanquished Creatures
  3 adders
  2 dart slugs
  A leopard gecko (D:2)
  An orc (D:3)
  8 bats
  A giant cockroach (D:3)
  7 goblins
  3 hobgoblins
  3 frilled lizards
  7 kobolds
  7 rats
43 creatures vanquished.

Notes
Turn   | Place    | Note
-------+----------+-------------------------------------------
     0 | D:1      | KambridgeKobold the Demonspawn Berserker began the quest for the Orb.
     0 | D:1      | Reached XP level 1. HP: 18/18 MP: 1/1
    71 | D:1      | Found a sparkling altar of Nemelex Xobeh.
   185 | D:1      | Gained mutation: You are partially covered in rugged brown scales. (AC +1, +3% HP) [demonic ancestry]
   185 | D:1      | Reached XP level 2. HP: 13/24 MP: 2/2
  1102 | D:2      | Reached XP level 3. HP: 12/29 MP: 3/3
  1593 | D:2      | Reached ** piety under Trog
  2834 | D:3      | Gained mutation: You are slightly more attuned to the shadows. [demonic ancestry]
  2834 | D:3      | Reached XP level 4. HP: 30/37 MP: 4/4
  2898 | D:3      | Found a burning altar of Makhleb.
  2901 | D:3      | Found an iron altar of Okawaru.
  3064 | D:3      | HP: 1/37 [gnoll/halberd (14)]
  3065 | D:3      | Slain by a gnoll

Skill      XL: |  1  2 |
---------------+-------+-----
Armour         | 2 |  2.9
Axes           | 3 |  3.3
Fighting       | |  3.6
Dodging        | |  1.7

Action                   |  1- 3 |  4- 6 || total
-------------------------+-------+-------++-------
Melee: Hand axe          |    39 |       ||    39
       Mace              |   108 |    12 ||   120
 Stab: Sleeping          |     2 |     1 ||     3
  Eat: Chunk             |     5 |     2 ||     7
Armor: Animal skin       |    40 |     5 ||    45
Dodge: Dodged            |   120 |     6 ||   126
